 Dungeon Crawl Stone Soup version 0.25-a0-502-g6516661 (webtiles) character file.

Game seed: 9740493808977419953, levelgen mode: deterministic

986 Crocosaw the Chucker (level 7, -4/67 HPs)
             Began as a Troll Hunter on Feb 13, 2020.
             Was a Believer of Dithmenos.
             Slain by a wight
             ... wielding a cursed +0 morningstar
              (9 damage)
             ... on level 6 of the Dungeon.
             The game lasted 00:14:57 (4966 turns).

Crocosaw the Chucker (Troll Hunter)                 Turns: 4966, Time: 00:14:57

Health: -4/67      AC: 10    Str: 23    XL:     7   Next: 97%
Magic:  6/6        EV: 10    Int:  9    God:    Dithmenos [**....]
Gold:   232        SH:  0    Dex: 10    Spells: 6/6 levels left

rFire    . . .     SeeInvis .   s - +3 dagger
rCold    . . .     Gourm    +   (no shield)
rNeg     . . .     Faith    .   b - +2 robe
rPois    .         Spirit   .   (helmet restricted)
rElec    .         Reflect  .   v - +1 cloak of Ekhlorir {Regen+ rCorr Int+2}
rCorr    +         Harm     .   (gloves unavailable)
MR       .....                  (boots unavailable)
Stlth    ++........             (no amulet)
HPRegen  1.01/turn              (no ring)
MPRegen  0.10/turn              (no ring)

@: wreathed by umbra, drained
A: large, unfitting armour, claws 3, fast metabolism 3, gourmand, regeneration
1, shaggy fur 1, tough skin 3
a: Shadow Step, Renounce Religion


You were on level 6 of the Dungeon.
You worshipped Dithmenos.
Dithmenos was pleased with you.
You were full.

You visited 1 branch of the dungeon, and saw 6 of its levels.

You collected 232 gold pieces.

Inventory:

Hand Weapons
 a - a +0 short sword
 h - a +0 short sword
 s - a +3 dagger (weapon)
 w - a +0 giant club
Missiles
 r - 7 poisoned darts (quivered)
Armour
 b - a +2 robe (worn)
 v - the +1 cloak of Ekhlorir (worn) {Regen+ rCorr Int+2}
   (You found it on level 4 of the Dungeon)

   It affects your intelligence (+2).
   It increases your rate of regeneration.
   It provides partial protection from all sources of acid and corrosion.
   If you remove this armour, your AC will decrease by 2 (10 -> 8).
Wands
 o - a wand of disintegration (14)
 q - a wand of paralysis (7)
 u - a wand of flame (23)
Scrolls
 c - a scroll of teleportation
 g - a scroll of enchant armour
 j - 4 scrolls of identify
 k - 4 scrolls of remove curse
 y - a scroll of random uselessness {unknown}
 z - a scroll of enchant weapon {unknown}
Potions
 e - 2 potions of degeneration {unknown}
 i - 2 potions of might {unknown}
 l - 3 potions of lignification {unknown}
 m - 3 potions of heal wounds {unknown}
 p - 5 potions of curing {unknown}
 t - 2 potions of berserk rage {unknown}
 x - a potion of resistance {unknown}
Comestibles
 f - 11 rations
 A - 4 chunks of flesh


   Skills:
 + Level 3.2(2.1) Fighting
 - Level 2.6(1.5) Short Blades
 * Level 3.5(2.5) Maces & Flails
 * Level 4.9(3.7) Throwing
 + Level 3.4(2.4) Dodging
 * Level 2.2(1.2) Stealth


You had 6 spell levels left.
You didn't know any spells.
Your spell library was empty.

Dungeon Overview and Level Annotations

Branches:
Dungeon (6/15)             Temple (0/1) D:5

Altars:
Dithmenos
Nemelex Xobeh
Yredelemnul


Innate Abilities, Weirdness & Mutations

You are too large for most types of armour.
You have claws for hands.
Your metabolism is lightning-fast.
You like to eat raw meat.
Your natural rate of healing is unusually fast.
You are covered in fur. (AC +1)
You have extremely tough skin. (AC +3)


Message History

The wight is heavily damaged.
The wight hits you with a cursed +0 morningstar!
* * * LOW HITPOINT WARNING * * *
The wight hits you with a +0 falchion!
* * * LOW HITPOINT WARNING * * *
You feel drained.
* * * LOW HITPOINT WARNING * * *
Unknown command.
Unknown command.
Unknown command.
Unknown command.
Unknown command.
The wight barely misses you.
You hit the wight.
The wight is lightly damaged.
The wight barely misses you.
You closely miss the wight.
The wight is lightly damaged.
The wight hits you with a cursed +0 morningstar!
You die...

... #.#...........
...##.#........##.
.............#.##.
.........).....##.
#......(.)#)...#..
..................
#......(..##.#....
#...(.(...##.#....
#@.(......##.#....
##zz((.....##.#....
#.)....(...# .# #.
#..........#
#...........
#...........#
#.........
#....$....
.......#..


You could see 2 wights.

Vanquished Creatures
  3 ogres
  A water moccasin skeleton (D:4)
  2 scorpions
  A wight (D:6)
  A howler monkey (D:5)
  2 orc priests
  A jelly (D:5)
  4 orc wizards
  Crazy Yiuf (D:4)
  A hound (D:5)
  Ijyb (D:3)
  2 worker ants (D:4)
  7 adders
  A howler monkey skeleton (D:5)
  A shadow imp (D:5)
  4 worms
  6 leopard geckos
  11 orcs
  A ball python (D:2)
  5 giant cockroaches
  9 goblins
  5 hobgoblins
  7 jackals
  11 kobolds
  A quokka (D:6)
  6 bats
  6 frilled lizards
  8 rats
109 creatures vanquished.

Notes
Turn   | Place    | Note
-------+----------+-------------------------------------------
     0 | D:1      | Crocosaw the Troll Hunter began the quest for the Orb.
     0 | D:1      | Reached XP level 1. HP: 19/19 MP: 0/0
   234 | D:1      | Reached XP level 2. HP: 28/28 MP: 1/1
   437 | D:1      | Reached skill level 4 in Throwing
  1263 | D:2      | Reached XP level 3. HP: 33/35 MP: 2/2
  1738 | D:2      | Found a shadowy altar of Dithmenos.
  1752 | D:2      | Became a worshipper of Dithmenos the Shadowed
  1790 | D:2      | Reached skill level 1 in Short Blades
  1870 | D:2      | Reached XP level 4. HP: 30/42 MP: 3/3
  2185 | D:3      | Noticed Ijyb
  2193 | D:3      | Killed Ijyb
  2193 | D:3      | Reached skill level 1 in Stealth
  2367 | D:3      | Reached * piety under Dithmenos
  2502 | D:3      | Found a sparkling altar of Nemelex Xobeh.
  2671 | D:3      | Reached XP level 5. HP: 49/49 MP: 4/4
  3350 | D:4      | Found a basalt altar of Yredelemnul.
  3461 | D:4      | Found a runed translucent door.
  3462 | D:4      | Noticed Crazy Yiuf
  3466 | D:4      | Killed Crazy Yiuf
  3535 | D:4      | Got an ichor-stained cloak
  3538 | D:4      | Identified the +1 cloak of Ekhlorir {Regen+ rCorr Int+2}
                  | (You found it on level 4 of the Dungeon)
  3671 | D:4      | Noticed an ogre
  3681 | D:4      | Killed an ogre
  3681 | D:4      | Reached XP level 6. HP: 26/59 MP: 5/5
  3779 | D:4      | Reached skill level 1 in Maces & Flails
  3791 | D:4      | Reached XP level 7. HP: 48/66 MP: 6/6
  3965 | D:4      | Reached ** piety under Dithmenos
  4244 | D:5      | Entered Level 5 of the Dungeon
  4660 | D:5      | Found a staircase to the Ecumenical Temple.
  4962 | D:6      | HP: 1/67 [wight/+0 falchion (3)]
  4966 | D:6      | Slain by a wight

Levels and vault maps discovered:
D:1:      minmay_arrival_widening_spiral_wide, layout_basic,
          hangedman_decor_points
D:2:      layout_basic, nicolae_dithmenos_through_a_glass_darkly
D:3:      layout_loops_ring, first_ration, nemelex_diamond_rough_becter,
          uniq_ijyb
D:4:      layout_loops_corners, old_standard_altar, gup_sewer_entry_bowl,
          uniq_crazy_yiuf_cottage
D:5:      layout_loops_ring, minmay_temple_entry_glassed_door
D:6:      layout_basic

Skill      XL: |  1  2  3  4  5  6  7 |
---------------+----------------------+-----
Throwing       | 4 |  4.9
Fighting       | 2 3 |  3.2
Short Blades   | 1 2 |  2.6
Dodging        | 2 3 |  3.4
Stealth        | 1 2 |  2.2
Maces & Flails | 1 3 |  3.5

Action                   |  1- 3 |  4- 6 |  7- 9 || total
-------------------------+-------+-------+-------++-------
Melee: Short sword       |   146 |   112 |       ||   258
       Dagger            |       |    60 |   104 ||   164
       Giant club        |       |    24 |    59 ||    83
Throw: Large rock        |     8 |    17 |    11 ||    36
       Dart              |       |       |     6 ||     6
       Throwing net      |       |       |     3 ||     3
  Use: Scroll            |       |     3 |     6 ||     9
 Stab: Sleeping          |       |       |     3 ||     3
  Eat: Chunk             |    18 |    23 |     8 ||    49
Armor: Robe              |    78 |    78 |    87 ||   243
Dodge: Dodged            |   101 |   120 |   126 ||   347

Table legend:
 A = Non-vault XP
 B = Vault XP
 C = Vault XP percentage of total XP
 D = Non-vault monster count
 E = Vault monster count
 F = Vault count percentage of total count
                 A         B        C        D         E       F
            +---------+---------+-------+---------+---------+-------
      Total |    1325 |      84 |   6.0 |     103 |       6 |   5.5
            +---------+---------+-------+---------+---------+-------
        D:1 |      38 |       0 |   0.0 |      22 |       0 |   0.0
        D:2 |      63 |       0 |   0.0 |      16 |       0 |   0.0
        D:3 |      74 |      36 |  32.7 |      24 |       1 |   4.0
        D:4 |     536 |      48 |   8.2 |      18 |       5 |  21.7
        D:5 |     352 |       0 |   0.0 |      13 |       0 |   0.0
        D:6 |     262 |       0 |   0.0 |      10 |       0 |   0.0
            +---------+---------+-------+---------+---------+-------
